 Dungeon Crawl Stone Soup version 0.24-a0-539-g6aae15eeb0 (webtiles) character file.

Game seed: 6461547442139326412

9529 Gargoyl the Cleaver (level 11, -9/100 HPs)
             Began as a Centaur Abyssal Knight on Aug 17, 2019.
             Was a High Priest of Lugonu.
             Mangled by a swamp worm (12 damage)
             ... on level 1 of the Lair of Beasts.
             The game lasted 00:22:03 (14445 turns).

Gargoyl the Cleaver (Centaur Abyssal Knight)       Turns: 14445, Time: 00:22:04

Health: -9/100     AC: 12    Str: 16    XL:     11   Next: 24%
Magic:  0/17       EV:  9    Int: 11    God:    Lugonu [*****.]
Gold:   586        SH:  1    Dex: 13    Spells: 10/10 levels left

rFire    . . .     SeeInvis .   B - +5 hand axe (flame)
rCold    . . .     Gourm    .   b - -2 buckler (curse)
rNeg     . . .     Faith    .   d - +2 scale mail
rPois    +         Spirit   +   o - +0 helmet
rElec    .         Reflect  .   (no cloak)
rCorr    .         Harm     .   r - +0 pair of gloves
MR       .....                  (no barding)
Stlth    ..........             e - amulet of guardian spirit
HPRegen  0.26/turn              l - +3 ring of slaying
MPRegen  0.15/turn              i - ring of poison resistance

@: very slow
A: large, hooves 3, thin skeletal structure 1, deformed body, speed 2, robust 1,
screaming 1, tough skin 3
a: Depart the Abyss, Bend Space, Banish, Corrupt, Enter the Abyss, Renounce
Religion


You were on level 1 of the Lair of Beasts.
You worshipped Lugonu.
Lugonu was extremely pleased with you.
You were hungry.

You visited 2 branches of the dungeon, and saw 11 of its levels.
You visited the Abyss 1 time.

You collected 651 gold pieces.
You spent 65 gold pieces at shops.

Inventory:

Hand Weapons
 a - a +4 hand axe
 B - a +5 hand axe of flaming (weapon)
Missiles
 q - 4 javelins (quivered)
 D - 3 boomerangs
Armour
 b - a cursed -2 buckler (worn)
 d - a +2 scale mail (worn)
 o - a +0 helmet (worn)
 r - a +0 pair of gloves (worn)
Jewellery
 e - an amulet of guardian spirit (around neck)
 i - a ring of poison resistance (right hand)
 l - a +3 ring of slaying (left hand)
Wands
 p - a wand of disintegration (13)
 w - a wand of paralysis (4)
 y - a wand of flame (15)
 C - a wand of random effects (21)
Scrolls
 h - 6 scrolls of teleportation
 k - 6 scrolls of remove curse
 E - a scroll of identify
Potions
 f - 3 potions of flight
 g - 2 potions of curing
 j - 3 potions of haste
 n - 2 potions of ambrosia {unknown}
 t - 2 potions of magic {unknown}
 u - 3 potions of heal wounds
 v - 2 potions of agility {unknown}
 x - a potion of cancellation {unknown}
 z - 2 potions of lignification
 A - a potion of brilliance {unknown}
Comestibles
 c - 14 rations


   Skills:
 + Level 6.9 Fighting
 + Level 8.5 Axes
 + Level 1.1 Throwing
 * Level 7.6 Armour
 * Level 5.0 Dodging
 * Level 8.2 Invocations
 + Level 0.1 Evocations


You had 10 spell levels left.
You didn't know any spells.
Your spell library contained the following spells:

 Spells                   Type           Power        Failure   Level  Hunger
 Freeze                   Ice            #...         88%         1    ##.....
 Shock                    Conj/Air       #...         88%         1    ##.....
 Swiftness                Chrm/Air       #.......     95%         2    ###....
 Throw Frost              Conj/Ice       #.....       95%         2    ###....
 Ozocubu's Armour         Chrm/Ice       #.......     99%         3    ####...
 Static Discharge         Conj/Air       #.......     99%         3    ####...
 Airstrike                Air            #.........   100%        4    #####..
 Summon Ice Beast         Ice/Summ       #.......     100%        4    #####..
 Throw Icicle             Conj/Ice       #.......     100%        4    #####..
 Lightning Bolt           Conj/Air       #.........   100%        5    ######.


Dungeon Overview and Level Annotations

Branches:
Dungeon (10/15)            Temple (0/1) D:4            Lair (1/6) D:10
    Orc (0/2) D:9

Altars:
Cheibriados
Fedhas
Hepliaklqana
Kikubaaqudgha
Nemelex Xobeh
Ru
Xom
The Shining One

Shops:
D:5 !   D:9 }


Innate Abilities, Weirdness & Mutations

You have hooves in place of feet.
Armour fits poorly on your strangely shaped body.
You cover ground very quickly.
You have extremely tough skin. (AC +3)
You have a somewhat thin skeletal structure. (Dex +2, Stealth)
You are robust. (+10% HP)
You occasionally shout uncontrollably at your foes.


Message History

* * * LOW HITPOINT WARNING * * *
The swamp worm bites you!
* * * LOW HITPOINT WARNING * * *
You feel much better. The swamp worm bites you.
* * * LOW HITPOINT WARNING * * *
The swamp worm bites you.
* * * LOW HITPOINT WARNING * * *
The swamp worm bites you!
* * * LOW HITPOINT WARNING * * *
Unknown command.
Space bends around you!
You blink.
The swamp worm throws harpoon shot at you.
The harpoon shot hits you!
* * * LOW HITPOINT WARNING * * *
You are yanked forward by the harpoon shot.
Splash!
You fall into the shallow water.
Moving in this stuff is going to be slow.
The swamp worm bites the plant!
The swamp worm bites you!
You die...

............#≈≈≈#.........)...#
............#≈≈≈P.............#
...##.......#≈≈≈..............#
#..###.####.###≈#.............#
...# #.# ##...................#
#..# #.###≈.................###
#..###.#≈≈≈≈≈≈≈##.##.P#....##
#.....≈≈≈≈≈≈≈≈≈≈≈.........##
.....≈≈≈#######≈@≈........#
.....≈≈##≈≈≈≈≈#w≈≈.......##
...##≈≈# ≈≈≈≈≈wPww.#.....#
.....≈≈##≈≈≈≈≈#≈w≈.#....##
..##.≈≈≈#######≈≈≈.#....###
...#..≈≈≈≈≈≈≈≈≈≈≈P#.....#.#
...#....≈≈≈≈≈≈≈...........#
...#....##.#........##....#
...#....#P..........###...#


You could see 5 swamp worms.

Vanquished Creatures
  Pikel (D:8)
  A centaur zombie (D:5)
  A black mamba (Lair:1)
  A troll (D:10)
  A hippogriff (D:7)
  Sigmund (D:4)
  9 yaks
  Eustachio (D:4)
  A steam dragon (D:9)
  3 hungry ghosts
  Edmund (D:6)
  A swamp worm (Lair:1)
  5 porcupines
  A slave (D:8)
  3 ice beasts
  2 orc warriors
  A swamp drake (D:8)
  An eye of draining (D:9)
  A black bear (D:6)
  7 ogres
  6 wolves (Lair:1)
  2 phantoms
  2 centaurs
  2 crocodiles (D:9)
  A big kobold (D:8)
  8 bullfrogs
  A wyvern zombie (D:7)
  7 scorpions
  A water moccasin skeleton (D:8)
  4 killer bees (D:7)
  A howler monkey (D:4)
  2 crimson imps (D:9)
  A bullfrog zombie (D:8)
  A quasit (D:8)
  4 hounds
  2 bullfrog skeletons
  5 orc priests
  4 jellies
  6 iguanas
  6 orc wizards
  10 worker ants
  A worker ant zombie (D:10)
  11 gnolls
  A howler monkey skeleton (D:7)
  15 adders
  6 shadow imps
  An ooze (D:1)
  An adder zombie (D:7)
  An adder skeleton (D:9)
  5 dart slugs
  5 leopard geckos
  30 orcs
  3 ball pythons
  9 bats
  7 giant cockroaches
  7 goblins
  9 hobgoblins
  13 jackals
  4 quokkas
  8 frilled lizards
  A jackal skeleton (D:6)
  9 kobolds
  3 leopard gecko skeletons
  8 rats
277 creatures vanquished.

Vanquished Creatures (others)
  2 orc warriors
  A crimson imp (D:8)
  2 orcs (D:9)
  3 plants (Lair:1)
8 creatures vanquished.

Grand Total: 285 creatures vanquished

Notes
Turn   | Place    | Note
-------+----------+-------------------------------------------
     0 | Abyss:1  | Gargoyl the Centaur Abyssal Knight began the quest for the
                  | Orb.
     0 | Abyss:1  | Reached XP level 1. HP: 19/19 MP: 2/2
    21 | Abyss:1  | Noticed a cacodemon
    21 | Abyss:1  | Gained mutation: You occasionally shout uncontrollably at
                  | your foes. [a cacodemon]
    35 | Abyss:1  | Gained mutation: Your mind is acute. (Int +2) [a cacodemon]
    67 | Abyss:1  | Noticed a neqoxec
    70 | Abyss:1  | Noticed a quasit
    70 | Abyss:1  | Noticed an iron imp
    88 | Abyss:1  | Noticed a small abomination
   143 | Abyss:1  | Found a corrupted altar of Lugonu.
   210 | Abyss:1  | Noticed an iron imp
   210 | Abyss:1  | Noticed an orange demon
   215 | Abyss:1  | Noticed a neqoxec
   231 | Abyss:1  | Noticed a large abomination
   233 | Abyss:1  | Noticed a small abomination
   234 | Abyss:1  | Noticed a sixfirhy
   247 | D:1      | Escaped the Abyss
   298 | D:2      | Reached * piety under Lugonu
   613 | D:1      | Reached XP level 2. HP: 12/26 MP: 0/3
   864 | D:1      | Reached skill level 1 in Dodging
   888 | D:1      | Reached XP level 3. HP: 29/31 MP: 4/4
  1498 | D:2      | Reached ** piety under Lugonu
  1518 | D:2      | Reached XP level 4. HP: 37/39 MP: 1/5
  2323 | D:3      | Reached XP level 5. HP: 32/46 MP: 4/7
  2466 | D:3      | Reached *** piety under Lugonu
  3163 | D:4      | Reached XP level 6. HP: 19/52 MP: 3/8
  3410 | D:4      | Noticed Eustachio
  3418 | D:4      | Found a staircase to the Ecumenical Temple.
  3423 | D:4      | Killed Eustachio
  3721 | D:4      | Noticed Sigmund
  3739 | D:4      | Killed Sigmund
  3739 | D:4      | Reached XP level 7. HP: 51/59 MP: 6/9
  3922 | D:4      | Found an ancient bone altar of Kikubaaqudgha.
  4231 | D:4      | Found a shimmering altar of Xom.
  4467 | D:5      | Entered Level 5 of the Dungeon
  4772 | D:5      | Noticed a hungry ghost
  4813 | D:4      | Killed a hungry ghost
  4875 | D:5      | Reached XP level 8. HP: 59/67 MP: 8/11
  4920 | D:5      | Reached skill level 5 in Fighting
  4920 | D:5      | Reached skill level 5 in Axes
  4920 | D:5      | Reached skill level 5 in Invocations
  4934 | D:5      | Reached **** piety under Lugonu
  5444 | D:5      | Found Lulin's Distillery.
  5447 | D:5      | Bought a potion of heal wounds for 65 gold pieces
  6052 | D:6      | Reached XP level 9. HP: 57/74 MP: 13/13
  6280 | D:6      | Found a glowing golden altar of the Shining One.
  6280 | D:6      | Found a hazy altar of Hepliaklqana.
  6285 | D:6      | Found a faded altar of an unknown god.
  6287 | D:6      | Found a sparkling altar of Nemelex Xobeh.
  6292 | D:6      | Reached skill level 5 in Armour
  6293 | D:6      | Found a snail-covered altar of Cheibriados.
  6511 | D:6      | Reached skill level 1 in Throwing
  6562 | D:6      | Noticed Edmund
  6573 | D:6      | Killed Edmund
  8389 | D:7      | Found a sacrificial altar of Ru.
  8726 | D:8      | Reached ***** piety under Lugonu
  8990 | D:8      | Reached XP level 10. HP: 55/83 MP: 12/14
  9353 | D:8      | Noticed Pikel
  9371 | D:8      | Killed Pikel
  9476 | D:8      | Found a blossoming altar of Fedhas.
 10321 | D:9      | Found a staircase to the Orcish Mines.
 11297 | D:9      | Found Nadigh's Gadget Shoppe.
 11748 | D:10     | Entered Level 10 of the Dungeon
 12715 | D:10     | Found a staircase to the Lair.
 13051 | Lair:1   | Entered Level 1 of the Lair of Beasts
 13060 | Lair:1   | Lost mutation: Your mind is acute. (Int +2) [potion of
                  | mutation]
 13060 | Lair:1   | Lost mutation: You occasionally shout uncontrollably at
                  | your foes. [potion of mutation]
 13060 | Lair:1   | Gained mutation: You occasionally shout uncontrollably at
                  | your foes. [potion of mutation]
 13060 | Lair:1   | Gained mutation: You are robust. (+10% HP) [potion of
                  | mutation]
 13060 | Lair:1   | Gained mutation: You have a somewhat thin skeletal
                  | structure. (Dex +2, Stealth) [potion of mutation]
 13101 | Lair:1   | Reached XP level 11. HP: 99/100 MP: 16/16
 14122 | Lair:1   | Reached skill level 5 in Dodging
 14445 | Lair:1   | HP: 3/100 [swamp worm/harpoon shot (6)]
 14445 | Lair:1   | Mangled by a swamp worm

Levels and vault maps discovered:
D:1:      scummos_arrival_simple_crosswalls, layout_rooms,
          minmay_strange_pillars, minmay_split_cup_large
D:2:      layout_loops_ring
D:3:      layout_loops_ring, first_ration, minmay_between
D:4:      layout_loops_cross, tgw_xom, lemuel_coloured_pillars_altar,
          minmay_temple_entry_wispy, uniq_sigmund, uniq_eustachio
D:5:      layout_cave_pools, serial_shops, kennysheep_mini
D:6:      minmay_diamond_boxcup, layout_rooms,
          chequers_temple_overflow_minitemple, chequers_serial_rivers_micro_e,
          hangedman_decor_riveting, uniq_edmund
D:7:      layout_basic, nicolae_ru_path_of_blood
D:8:      layout_basic, fedhas_altar_4, wad_dig_loot, uniq_pikel
D:9:      layout_rooms, erik_orc_1, serial_shops, kennysheep_mini_moat
D:10:     layout_cave_pools, due_lair_maze_entry_diamond
Lair:1:   layout_gridlike, worms_lemuel

Skill      XL: |  1  2  3  4  5  6  7  8  9 10 11 |
---------------+----------------------------------+-----
Axes           | 2 3 4 5 7 8 |  8.5
Dodging        | 1 2 3 4 5 |  5.0
Armour         | 2 3 4 6 7 |  7.6
Invocations    | 3 4 5 6 7 8 |  8.2
Fighting       | 4 5 6 |  6.9
Throwing       | 1 |  1.1
Evocations     | |  0.1

Action                   |  1- 3 |  4- 6 |  7- 9 | 10-12 || total
-------------------------+-------+-------+-------+-------++-------
Melee: Hand axe          |    99 |   150 |   329 |   323 ||   901
       Kick              |     8 |    28 |    76 |    75 ||   187
Throw: Javelin           |       |     4 |     7 |     1 ||    12
Invok: Depart the Abyss  |     1 |       |       |       ||     1
       Banish            |       |       |     1 |     1 ||     2
       Bend Space        |       |       |       |     1 ||     1
Evoke: Wand              |       |       |     3 |       ||     3
  Use: Scroll            |     8 |       |    10 |     7 ||    25
       Potion            |       |       |     3 |     3 ||     6
  Eat: Chunk             |     1 |     6 |    12 |    14 ||    33
       Ration            |       |       |     4 |       ||     4
Armor: Scale mail        |    70 |    94 |   215 |   190 ||   569
       Skin              |       |       |     9 |       ||     9
Dodge: Dodged            |    60 |    49 |   161 |   135 ||   405
Block: Buckler           |       |       |     1 |     6 ||     7

Table legend:
 A = Non-vault XP
 B = Vault XP
 C = Vault XP percentage of total XP
 D = Non-vault monster count
 E = Vault monster count
 F = Vault count percentage of total count
                 A         B        C        D         E       F
            +---------+---------+-------+---------+---------+-------
      Total |    9513 |    4101 |  30.1 |     230 |      49 |  17.6
            +---------+---------+-------+---------+---------+-------
        D:1 |      57 |       8 |  12.3 |      23 |       4 |  14.8
        D:2 |      81 |       0 |   0.0 |      26 |       0 |   0.0
        D:3 |     117 |      18 |  13.3 |      30 |       4 |  11.8
        D:4 |     620 |     513 |  45.3 |      26 |       5 |  16.1
        D:5 |     962 |       0 |   0.0 |      11 |       0 |   0.0
        D:6 |     758 |     438 |  36.6 |      18 |       5 |  21.7
        D:7 |    1203 |       0 |   0.0 |      21 |       0 |   0.0
        D:8 |    1018 |    1147 |  53.0 |      25 |       5 |  16.7
        D:9 |    1655 |    1303 |  44.1 |      24 |      22 |  47.8
       D:10 |     488 |     526 |  51.9 |      10 |       3 |  23.1
     Lair:1 |    2554 |     148 |   5.5 |      16 |       1 |   5.9
            +---------+---------+-------+---------+---------+-------
